 Dungeon Crawl Stone Soup version 0.31-a0-859-g9dce7d3444 (webtiles) character file.

Game seed: 9541539529824520604

253 Dirtsage the Ruffian (level 6, -1/38 HPs)
             Began as an Octopode Shapeshifter on Oct 9, 2023.
             Slain by a jackal (2 damage)
             ... on level 4 of the Dungeon.
             The game lasted 00:03:32 (2458 turns).

Dirtsage the Ruffian (Octopode Shapeshifter)        Turns: 2458, Time: 00:03:33

Health: -1/38      AC:  1    Str: 15    XL:     6   Next: 14%
Magic:  6/6        EV: 13    Int: 13    God:
Gold:   149        SH:  0    Dex: 11    Spells: 5/5 levels left

rFire   . .          .
                       - Unarmed
rCold   . . .        (no shield)
rNeg    . . .        (helmet currently unavailable)
rPois   .            (no amulet)
rElec   .            (no ring)
rCorr   .            (no ring)
SInv    .            (no ring)
Will    +....        (no ring)
Stlth   ++           (no ring)
HPRegen 0.26/turn    (no ring)
MPRegen 0.10/turn    (no ring)
                     (no ring)

%: no passive effects
@: brilliant, lethally poisoned (-1 -> -4), beast-form, enlightened, flying
A: beast (slay +2), almost no armour, amphibious, 8 rings, camouflage 1,
gelatinous body 1, (nimble swimmer 1), tentacles
a: Begin Untransformation


You were on level 4 of the Dungeon.
You were a hulking beast.
You visited 1 branch of the dungeon, and saw 4 of its levels.

You collected 149 gold pieces.

Inventory:

Talismans
 b - a beast talisman (active)
 c - a flux talisman
Scrolls
 d - a scroll of amnesia {unknown}
 e - a scroll of immolation {unknown}
 g - a scroll of teleportation {unknown}
 h - a scroll of vulnerability {unknown}
 k - a scroll of fog {unknown}
 l - a scroll of revelation {unknown}
Potions
 a - 2 potions of lignification
 f - a potion of haste {unknown}
 i - a potion of curing {unknown}
 j - a potion of heal wounds {unknown}
 n - a potion of enlightenment
 o - a potion of berserk rage {unknown}


   Skills:
 - Level 1.0 Fighting
 - Level 2.0 Dodging
 * Level 5.1 Unarmed Combat
 * Level 4.8 Shapeshifting


You had 5 spell levels left.
You didn't know any spells.
Your spell library contained the following spells:

 Spells                   Type           Power      Damage    Failure   Level
 Sandblast                Erth           0%         2d4       30%         1
 Passwall                 Tmut/Erth      0%         N/A       43%         2
 Stone Arrow              Conj/Erth      0%         3d7       67%         3
 Brom's Barrelling Bould  Conj/Erth      0%         2d3       97%         4


Dungeon Overview and Level Annotations

Branches:
Dungeon (4/15)
 Temple: D:4-7

Altars:

Shops:
D:2 :*


Innate Abilities, Weirdness & Mutations

You are a hulking beast.
Your limbs bulge with bestial killing power. (Slay +2)
You cannot wear most types of armour.
You are amphibious.
You can wear up to eight rings at the same time.
Your skin changes colour to match your surroundings (Stealth+).
Your rubbery body absorbs attacks. (AC +1, EV +1)
((You are camouflaged when in or above water. (Stealth+)))
You have tentacles for arms and can constrict up to eight enemies at once.


Message History

The scorpion stings you but does no damage.
The jackal closely misses you. The jackal barely misses you.
You take 3 damage, and have 25/38 hp.
You tentacle-slap the scorpion.
The scorpion is severely wounded.
You constrict the scorpion, but do no damage.
You feel sick. The scorpion stings you. The jackal barely misses you. x2
The scorpion stings you.
You take 7 damage, and have 18/38 hp.
You tentacle-slap the scorpion.
The scorpion is severely wounded.
You constrict the scorpion.
You feel sick. The jackal barely misses you. The jackal closely misses you.
The jackal misses you. The scorpion stings you.
You take 5 damage, and have 13/38 hp.
You tentacle-slap the scorpion but do no damage.
The scorpion is almost dead.
You constrict the scorpion.
You feel sick. The jackal bites you.
* * * LOW HITPOINT WARNING * * *
The jackal bites you.
* * * LOW HITPOINT WARNING * * *
The jackal closely misses you. The scorpion stings you.
* * * LOW HITPOINT WARNING * * *
You take 8 damage, and have 5/38 hp.
MASSIVE DAMAGE!!
It was a potion of enlightenment.
You feel very buoyant.
You fly up into the air.
You constrict the scorpion, but do no damage.
* * * LOW HITPOINT WARNING * * *
You feel sick. The jackal closely misses you. The jackal completely misses you.
The scorpion closely misses you.
You take 1 damage, and have 4/38 hp.
It was a potion of brilliance.
You feel clever all of a sudden.
You constrict the scorpion.
You kill the scorpion!
* * * LOW HITPOINT WARNING * * *
You feel sick. The jackal bites you.
* * * LOW HITPOINT WARNING * * *
The jackal bites you.
You die...

#. ####.##
#.....#
##.....#
##......##
#......<.##
..........#
..........#
.......h..#
......†hh.#
..)....J..#
.........##
.........#
..........
..........
.........(#


You could see an endoplasm and 2 jackals.

Vanquished Creatures
  Sigmund (D:2)
  A scorpion (D:4)
  2 adders (D:2)
  2 worms (D:2)
  A dart slug (D:1)
  4 ball pythons (D:1)
  3 endoplasms
  2 giant cockroaches (D:1)
  4 hobgoblins
  11 jackals
  5 quokkas
  6 bats
  A frilled lizard (D:3)
  8 goblins
  12 kobolds
  4 rats
67 creatures vanquished.

Notes
Turn   | Place    | Note
-------+----------+-------------------------------------------
     0 | D:1      | Dirtsage the Octopode Shapeshifter began the quest for the
                  | Orb.
     0 | D:1      | Reached XP level 1. HP: 13/13 MP: 1/1
   101 | D:1      | Reached XP level 2. HP: 18/18 MP: 2/2
   214 | D:1      | Found a faded altar of an unknown god.
   286 | D:1      | Reached XP level 3. HP: 23/23 MP: 3/3
   945 | D:2      | Noticed Sigmund
  1009 | D:2      | Killed Sigmund
  1010 | D:2      | Reached skill level 4 in Unarmed Combat
  1010 | D:2      | Reached XP level 4. HP: 10/28 MP: 4/4
  1010 | D:2      | Reached XP level 5. HP: 12/33 MP: 5/5
  1104 | D:2      | Found Kir Wed's Book Emporium.
  1190 | D:2      | Found Toblo's Assorted Antiques.
  1256 | D:2      | Reached skill level 5 in Unarmed Combat
  1448 | D:2      | Reached XP level 6. HP: 38/38 MP: 6/6
  2059 | D:3      | Identified the +1 robe of the Griffon {rElec Will- Int+2}
  2458 | D:4      | HP: 1/38 [jackal (2)]
  2458 | D:4      | Slain by a jackal

Illustrated notes

Levels and vault maps discovered:
D:1:      nagdon_arrival_double_spiral, layout_basic,
          shapermc_ecumenical_altar_totnotflames, kennysheep_doodads
D:2:      layout_loops_ring, serial_shops, nicolae_shop_hallway_stairs,
          nicolae_shop_waterfront, uniq_sigmund
D:3:      layout_basic, chequers_decorated_corner, nrook_campfire
D:4:      layout_rooms, nicolae_overflow_crystal_walls, xom_teletrap_fun

Skill      XL: |  1  2  3  4  5 |
---------------+----------------+-----
Unarmed Combat | 4 5 |  5.1
Shapeshifting  | 4 |  4.8
Fighting       | |  1.0
Dodging        | |  2.0

Action                     |  1- 3 |  4- 6 || total
---------------------------+-------+-------++-------
  Melee: Unarmed           |    68 |    53 ||   121
         Constrict         |    19 |    14 ||    33
         Tentacles         |    16 |     8 ||    24
         Punch             |     3 |       ||     3
    Use: Scroll            |       |     1 ||     1
         Potion            |       |     2 ||     2
   Stab: Sleeping          |     1 |    12 ||    13
 Armour: Skin              |    18 |    28 ||    46
  Dodge: Dodged            |    47 |    30 ||    77

Table legend: (Time is in decaauts)
 A = Elapsed time spent in this place.
 B = Non-inter-level travel time spent in this place.
 C = Inter-level travel time spent in this place.
 D = Time resting spent in this place.
 E = Time spent auto-exploring this place.
 F = Levels seen in this place.
 G = Mean time per level.
                   A        B        C        D        E       F      G
               +--------+--------+--------+--------+--------+-----+--------+
         Total |   2449 |   2308 |    141 |      8 |   1945 |   4 |  612.2 |
       Dungeon |   2449 |   2308 |    141 |      8 |   1945 |   4 |  612.2 |
               +--------+--------+--------+--------+--------+-----+--------+

Top non-repeatable levels by time:
     D:1: 929 daAuts
     D:2: 812 daAuts
     D:3: 694 daAuts
     D:4: 12 daAuts
